 Dungeon Crawl Stone Soup version 0.21.1-1-g345015fe64 (webtiles) character file.

9599 Peloso the Blocker (level 11, 0/94 HPs)
             Began as a Minotaur Fighter on July 13, 2018.
             Was an Elder of Okawaru.
             Slain by a skeletal warrior
             ... wielding a +0 hand axe
             ... led by a skeletal warrior
              (16 damage)
             ... on level 11 of the Dungeon on July 14, 2018.
             The game lasted 00:27:57 (9041 turns).

Peloso the Blocker (Minotaur Fighter)               Turns: 9041, Time: 00:27:57

Health: 0/94       AC: 16    Str: 27    XL:     11   Next: 25%
Magic:  0/11       EV: 16    Int:  5    God:    Okawaru [****..]
Gold:   869        SH: 15    Dex: 12    Spells: 10/10 levels left

rFire    . . .     SeeInvis .   a - +3 scimitar (flame)
rCold    . . .     Gourm    .   c - +0 shield
rNeg     + . .     Faith    .   b - +0 pearl dragon scales
rPois    .         Spirit   +   (helmet restricted)
rElec    .         Reflect  .   (no cloak)
rCorr    .         Harm     .   (no gloves)
MR       .....     Rnd*Tele +   (no boots)
Stlth    +.........             O - amulet of guardian spirit
HPRegen  0.25/turn              C - +5 ring of strength
MPRegen  0.12/turn              k - ring of teleportation (curse)

@: heroism
A: retaliatory headbutt, horns 2
a: Heroism, Renounce Religion


You were on level 11 of the Dungeon.
You worshipped Okawaru.
Okawaru was greatly pleased with you.
You were hungry.

You visited 2 branches of the dungeon, and saw 13 of its levels.
You also visited: Sewer.

You collected 869 gold pieces.

Inventory:

Hand Weapons
 a - a +3 scimitar of flaming (weapon)
 o - the cursed +1 fustibalus "Onnuzyix" {flame, rN+, unknown}
   (You found it in a sewer)

   It causes projectiles fired from it to burn those they strike, causing extra
   injury to most foes and up to half again as much damage against particularly
   susceptible opponents.
   It protects you from negative energy.
   It has a curse placed upon it.
 u - the +5 dagger of Arbitration {pierce, Dex+4}
   (You found it on level 4 of the Dungeon)

   It inflicts extra damage upon your enemies.
   It affects your dexterity (+4).
 F - a +1 whip of flaming
 H - the +9 hunting sling "Harig" {freeze, Dex+7, unknown}
   (You took it off a crimson imp on level 7 of the Dungeon)

   It causes projectiles fired from it to freeze those they strike, causing
   extra injury to most foes and up to half again as much damage against
   particularly susceptible opponents.
   They can also slow down cold-blooded creatures.
   It affects your dexterity (+7).
Armour
 b - +0 pearl dragon scales (worn)
 c - a +0 shield (worn)
 Q - +0 acid dragon scales
Jewellery
 d - an uncursed ring of flight
 k - a cursed ring of teleportation (right hand)
 p - an uncursed amulet of regeneration
 s - an uncursed ring of fire
 y - the ring of the Devil's Advocate {+Fly Str+4 Int+4 Dex+4 Slay-4}
   (You found it on level 5 of the Dungeon)

   [ring of flight]

   It affects your strength (+4).
   It affects your intelligence (+4).
   It affects your dexterity (+4).
   It affects your accuracy and damage with ranged weapons and melee attacks
   (-4).
   It lets you fly.
 C - a +5 ring of strength (left hand)
 E - an uncursed ring of resist corrosion
 O - an amulet of guardian spirit (around neck)
Wands
 q - a wand of flame (44)
 t - a wand of iceblast (16)
 D - a wand of acid (1)
 G - a wand of paralysis (6)
Scrolls
 i - 12 scrolls of identify
 j - 3 scrolls of remove curse
 l - 4 scrolls of enchant weapon
 v - 2 scrolls of fear
 z - a scroll of amnesia
 M - 2 scrolls of enchant armour {unknown}
 P - a scroll of holy word {unknown}
Potions
 e - 5 potions of heal wounds
 g - 3 potions of might
 h - 3 potions of berserk rage
 m - 4 potions of mutation {unknown}
 n - 2 potions of ambrosia {unknown}
 r - a potion of resistance {unknown}
 w - a potion of degeneration {unknown}
 x - 2 potions of brilliance {unknown}
 A - 2 potions of haste {unknown}
 J - 2 potions of agility {unknown}
 K - a potion of flight {unknown}
 L - a potion of curing {unknown}
 N - a potion of invisibility {unknown}
Books
 B - a book of Battle

   Spells                             Type                      Level
   a - Infusion                       Charms                       1
   b - Shroud of Golubria             Charms/Translocation         2
   c - Song of Slaying                Charms                       2
   d - Spectral Weapon                Hexes/Charms                 3
   e - Regeneration                   Charms/Necromancy            3
 I - a book of Callings

   Spells                             Type                      Level
   a - Summon Small Mammal            Summoning                    1
   b - Call Imp                       Summoning                    2
   c - Call Canine Familiar           Summoning                    3
   d - Summon Guardian Golem          Hexes/Summoning              3
   e - Summon Lightning Spire         Summoning/Air                4
   f - Summon Ice Beast               Ice/Summoning                4
Comestibles
 f - 16 rations


   Skills:
 + Level 8.1(13.1) Fighting
 + Level 8.3(14.1) Short Blades
 + Level 6.4(13.7) Long Blades
 + Level 10.2(15.2) Armour
 + Level 6.8(11.8) Dodging
 + Level 1.0(6.0) Stealth
 + Level 11.4(16.4) Shields
 + Level 0.2 Invocations
 + Level 1.4 Evocations


You had 10 spell levels left.
You didn't know any spells.

Dungeon Overview and Level Annotations

Branches:
Dungeon (12/15)            Temple (1/1) D:7            Lair (0/6) D:11
    Orc (0/2) D:11

Altars:
Ashenzari
Cheibriados
Dithmenos
Elyvilon
Fedhas
Gozag
Hepliaklqana
Kikubaaqudgha
Makhleb
Nemelex Xobeh
Okawaru
Qazlal
Ru
Sif Muna
Trog
Uskayaw
Vehumet
Wu Jian
Xom
Yredelemnul
Zin
The Shining One

Shops:
D:11 [


Innate Abilities, Weirdness & Mutations

You reflexively headbutt those who attack you in melee.
You have a pair of horns on your head.


Message History

The skeletal warrior hits you but does no damage.
An eight-headed hydra comes into view.
You block the skeletal warrior's attack.
The skeletal warrior hits you with a long sword!
You gain the combat prowess of a mighty hero.
You hit the skeletal warrior. You burn the skeletal warrior.
You headbutt the skeletal warrior.
The skeletal warrior is lightly damaged.
The skeletal warrior hits you with a hand axe!
You hit the skeletal warrior but do no damage.
Your headbutt misses the skeletal warrior.
The skeletal warrior is lightly damaged.
The skeletal warrior hits you with a hand axe!
* * * LOW HITPOINT WARNING * * *
You hit the skeletal warrior but do no damage.
The skeletal warrior is lightly damaged.
You slash the skeletal warrior! You burn the skeletal warrior.
The skeletal warrior is moderately damaged.
The skeletal warrior hits you with a hand axe!
You die...

##.....##...## ##..# ##...
##......##..## #..## ##...
##........#..# ##...# #....
().##........# ##...## ##..##
#######......# #...## #...## #
#.....## ##..## #..... #...###
##..## #...≈≈ ##..## #..## ###
##..≈.≈ # #..## #@## ##.###...≈§.
## #.## #z## ##........≈≈. .##
##.# #zT###....#.#...≈≈ ..###..#
####....#......#...≈≈ #..##..##
##............#......§
##......####.##..................
#........##.#....#..............
#...............##>...#..#....#.
#...............##...###.#......


You could see 2 skeletal warriors and a troll.

Vanquished Creatures
  Erica (D:11)
  A two-headed ogre (D:7)
  Pikel (D:7)
  An ugly thing (D:11)
  The ghost of Destragon the Chopper, an amateur MiBe of Trog (D:8)
  4 trolls
  A hornet (D:9)
  A hippogriff (D:6)
  Prince Ribbit (D:8)
  A hungry ghost (D:11)
  A steam dragon (D:9)
  An acid dragon (D:11)
  2 hell hounds (D:11)
  2 water moccasins
  4 sky beasts
  An ice beast (D:5)
  4 orc warriors
  Purgy (Sewer)
  A slave (D:7)
  5 phantoms
  2 ogres (D:8)
  A crocodile (D:11)
  5 centaurs
  A big kobold (D:11)
  6 bullfrogs
  A water moccasin zombie (D:5)
  3 scorpions
  The ghost of brittlin the Skirmisher, a weakling HOFi (D:3)
  14 wights
  5 howler monkeys
  5 crimson imps
  2 bullfrog zombies
  2 jellies
  7 hounds
  5 orc priests
  8 orc wizards
  Jessica (D:2)
  3 bullfrog skeletons
  5 iguanas
  7 worker ants
  A hound zombie (D:8)
  4 hound skeletons
  2 worker ant zombies (D:10)
  4 gnolls
  A howler monkey skeleton (D:7)
  A river rat (D:3)
  10 adders
  An adder skeleton (D:7)
  5 worms
  A dart slug (D:2)
  4 leopard geckos
  40 orcs
  2 ball pythons
  9 bats
  6 giant cockroaches
  4 goblins
  5 hobgoblins (D:2)
  12 jackals
  7 kobolds
  9 quokkas
  2 frilled lizards
  A giant cockroach zombie (D:6)
  2 jackal zombies
  2 quokka skeletons
  A quokka zombie (D:8)
  6 rats
261 creatures vanquished.

Vanquished Creatures (others)
  A crimson imp (D:7)
  An orc wizard (D:11)
  An adder skeleton (D:7)
3 creatures vanquished.

Grand Total: 264 creatures vanquished

Notes
Turn   | Place    | Note
-------+----------+-------------------------------------------
     0 | D:1      | Peloso the Minotaur Fighter began the quest for the Orb.
     0 | D:1      | Reached XP level 1. HP: 19/19 MP: 0/0
   103 | D:1      | Reached XP level 2. HP: 12/27 MP: 1/1
   595 | D:2      | Reached skill level 4 in Shields
   732 | D:2      | Reached XP level 3. HP: 33/33 MP: 2/2
   744 | D:2      | Found a sacrificial altar of Ru.
   865 | D:2      | Noticed Jessica
   883 | D:2      | Killed Jessica
   883 | D:2      | Reached XP level 4. HP: 32/41 MP: 3/3
  1627 | D:3      | Noticed brittlin's ghost (weakling HOFi)
  1639 | D:3      | Killed brittlin's ghost
  1639 | D:3      | Reached XP level 5. HP: 47/47 MP: 4/4
  1838 | D:3      | Reached skill level 1 in Dodging
  2186 | D:3      | Found a glowing drain.
  2202 | Sewer    | Entered a sewer
  2231 | Sewer    | Noticed Purgy
  2240 | Sewer    | Killed Purgy
  2240 | Sewer    | Reached skill level 5 in Armour
  2240 | Sewer    | Reached skill level 5 in Shields
  2240 | Sewer    | Reached XP level 6. HP: 49/53 MP: 5/5
  2247 | Sewer    | Got a jewelled fustibalus
  2709 | D:4      | Got a slimy dagger
  2710 | D:4      | Identified the +5 dagger of Arbitration {pierce, Dex+4} (You found it on level 4 of the Dungeon)
  3004 | D:4      | Reached skill level 5 in Long Blades
  3054 | D:5      | Entered Level 5 of the Dungeon
  3092 | D:5      | Noticed a water moccasin
  3097 | D:5      | Killed a water moccasin
  3097 | D:5      | Reached skill level 1 in Short Blades
  3097 | D:5      | Reached skill level 6 in Shields
  3097 | D:5      | Reached XP level 7. HP: 60/60 MP: 6/6
  3156 | D:5      | Reached skill level 5 in Fighting
  3267 | D:5      | Reached XP level 8. HP: 50/69 MP: 7/7
  3363 | D:5      | Reached skill level 7 in Shields
  3377 | D:5      | Found a shimmering altar of Xom.
  3482 | D:5      | Got a shimmering jade ring
  3551 | D:5      | Found a white marble altar of Elyvilon.
  3769 | D:5      | Found a glowing silver altar of Zin.
  3841 | D:5      | Identified the ring of the Devil's Advocate {+Fly Str+4 Int+4 Dex+4 Slay-4} (You found it on level 5 of the Dungeon)
  4076 | D:6      | Noticed a hippogriff
  4085 | D:6      | Killed a hippogriff
  4085 | D:6      | Reached skill level 5 in Short Blades
  4283 | D:6      | Found a basalt altar of Yredelemnul.
  4311 | D:6      | Found a shattered altar of Ashenzari.
  4383 | D:6      | Found a snail-covered altar of Cheibriados.
  4575 | D:6      | Found a glowing golden altar of the Shining One.
  4686 | D:7      | Reached XP level 9. HP: 75/75 MP: 8/8
  4752 | D:7      | Reached skill level 8 in Shields
  4936 | D:7      | Noticed a two-headed ogre
  4943 | D:7      | Killed a two-headed ogre
  4953 | D:7      | Reached skill level 9 in Shields
  5014 | D:7      | Found a staircase to the Ecumenical Temple.
  5018 | Temple   | Entered the Ecumenical Temple
  5045 | Temple   | Became a worshipper of Warmaster Okawaru
  5153 | D:7      | Noticed Pikel
  5191 | D:7      | Killed Pikel
  5191 | D:7      | Reached skill level 1 in Evocations
  5233 | D:7      | Got an ancient hunting sling
  5568 | D:8      | Reached * piety under Okawaru
  5577 | D:8      | Reached XP level 10. HP: 84/84 MP: 9/9
  5748 | D:8      | Noticed Prince Ribbit
  5757 | D:8      | Killed Prince Ribbit
  5757 | D:8      | Reached skill level 5 in Dodging
  5805 | D:8      | Found a deep blue altar of Sif Muna.
  5806 | D:8      | Noticed Destragon's ghost (amateur MiBe)
  5828 | D:8      | Killed Destragon's ghost
  6010 | D:8      | Found an opulent altar of Gozag.
  6329 | D:9      | Reached skill level 10 in Shields
  6367 | D:9      | Reached ** piety under Okawaru
  6482 | D:9      | Found a stormy altar of Qazlal.
  7052 | D:9      | Found an ancient bone altar of Kikubaaqudgha.
  7217 | D:10     | Entered Level 10 of the Dungeon
  7936 | D:11     | Found a staircase to the Lair.
  7952 | D:11     | Reached *** piety under Okawaru
  7998 | D:11     | Noticed Erica
  8030 | D:11     | Killed Erica
  8030 | D:11     | Reached skill level 10 in Armour
  8030 | D:11     | Reached skill level 11 in Shields
  8080 | D:11     | Reached XP level 11. HP: 48/93 MP: 11/11
  8429 | D:11     | Found Litawn's Antique Armour Shop.
  8576 | D:11     | Reached **** piety under Okawaru
  8679 | D:11     | Noticed a brown ugly thing
  8685 | D:11     | Killed a brown ugly thing
  8685 | D:11     | Reached skill level 1 in Stealth
  8703 | D:11     | Found a staircase to the Orcish Mines.
  9013 | D:12     | Noticed a skeletal warrior
  9020 | D:12     | Noticed a skeletal warrior
  9020 | D:12     | Noticed a skeletal warrior
  9022 | D:12     | Noticed a skeletal warrior
  9023 | D:12     | Noticed a skeletal warrior
  9031 | D:11     | Noticed an eight-headed hydra
  9041 | D:11     | Slain by a skeletal warrior

Skill      XL: |  1  2  3  4  5  6  7  8  9 10 11 |
---------------+----------------------------------+-----
Armour         | 4 5 6 7 9 10 | 10.2
Shields        | 4 5 6 7 9 11 | 11.4
Fighting       | 4 5 6 7 8 |  8.1
Long Blades    | 3 4 5 6 |  6.4
Dodging        | 1 2 3 4 6 |  6.8
Short Blades   | 1 3 5 6 8 |  8.3
Evocations     | 1 |  1.4
Stealth        | 1 |  1.0
Invocations    | |  0.2

Action                   |  1- 3 |  4- 6 |  7- 9 | 10-12 || total
-------------------------+-------+-------+-------+-------++-------
Melee: Long sword        |    53 |   116 |       |       ||   169
       Headbutt          |     4 |    28 |    94 |   135 ||   261
       Dagger            |       |    31 |   343 |   309 ||   683
       Scimitar          |       |       |       |   107 ||   107
Invok: Heroism           |       |       |       |     3 ||     3
Evoke: Wand              |       |       |     8 |       ||     8
  Use: Potion            |       |     1 |       |       ||     1
       Scroll            |       |     7 |     3 |       ||    10
  Eat: Ration            |       |     1 |       |     1 ||     2
       Chunk             |       |     3 |     8 |    10 ||    21
Armor: Scale mail        |     1 |       |       |       ||     1
       Pearl dragon scal |    24 |    93 |    73 |   120 ||   310
Dodge: Dodged            |    16 |    52 |    87 |   155 ||   310
Block: Shield            |    26 |    94 |   132 |   242 ||   494
       Rpst.: Long sword |     4 |    16 |       |       ||    20
       Scimitar          |       |       |       |    23 ||    23
